[Event "Titled Tuesday Blitz July 11 Early 2023"]
[White "Bauman_Guy"]
[Black "Kuzmin, Roman"]
[BlackFideId "44134932"]
[WhiteElo "2758"]
[BlackElo "2570"]
[Result "1-0"]
[Round "8"]
[TimeControl "180+2"]
[Date "2023.07.11"]
[WhiteClock "0:00:10"]
[BlackClock "0:00:00"]
[Board "34"]

1. e4 c5 2. Nf3 d6 3. d4 cxd4 4. Nxd4 Nf6 5. Nc3 a6 6. h3 e6 7. g3 b5 8. Bg2 Bb7 9. O-O Be7 10. Re1 Qc7 11. a4 b4 12. Na2 d5 13. Bf4 Qc8 14. exd5 Bxd5 15. Nf5 Bxg2 16. Nxg7+ Kf8 17. Bh6 Bxh3 18. Nxe6+ Kg8 19. Qd2 Ng4 20. Nf4 Nxh6 21. Rxe7 Nc6 22. Nh5 Kf8 23. Qxh6+ Kxe7 24. Rd1 Qe6 25. Qg5+ f6 26. Qg7+ Qf7 27. Re1+ Ne5 28. Qh6 Be6 29. Qe3 Bxa2 30. Qc5+ Ke8 31. Nxf6+ Qxf6 32. Rxe5+ Be6 33. f4 Kf7 34. f5 Bd7 35. Qd5+ Kg7 36. Qxd7+ Kg8 37. Qd5+ Qf7 38. Qxa8+ Kg7 39. Qe4 Kh6 40. Qf4+ Kg7 41. Qg5+ Kf8 42. Qh6+ Kg8 43. f6 1-0


[Site "https://www.chess.com"]

[Event "Titled Tuesday Blitz July 11 Early 2023"]
[White "Rakitic2010"]
[Black "Schwabeneder, Florian"]
[BlackFideId "1626191"]
[WhiteElo "2470"]
[BlackElo "2743"]
[Result "1-0"]
[Round "8"]
[TimeControl "180+2"]
[Date "2023.07.11"]
[WhiteClock "0:00:05"]
[BlackClock "0:00:00"]
[Board "35"]

1. e4 Nf6 2. e5 Nd5 3. c4 Nb6 4. d4 d6 5. f4 Bf5 6. Nf3 dxe5 7. fxe5 e6 8. Nc3 Be7 9. Bd3 Bg4 10. Be3 Nc6 11. O-O O-O 12. Ne2 Nb4 13. h3 Nxd3 14. Qxd3 Bf5 15. Qc3 a5 16. a3 c5 17. Rad1 cxd4 18. Nfxd4 Qc7 19. b3 Bg6 20. Nb5 Qc6 21. Ned4 Qe4 22. Nf3 Qc6 23. Nfd4 Qe4 24. Nxe6 fxe6 25. Bxb6 Qc2 26. Qxc2 Bxc2 27. Rd7 Rxf1+ 28. Kxf1 Bxb3 29. Rxe7 Bxc4+ 30. Kf2 Bxb5 31. Rxe6 Re8 32. Rxe8+ Bxe8 33. Bxa5 Kf7 34. Ke3 Ke6 35. Kd4 Bc6 36. g3 h5 37. h4 g6 38. Bd2 Ba4 39. Bf4 Bc6 40. Bd2 Bh1 41. Bc3 Bg2 42. Kc5 Bh1 43. Kb6 Bg2 44. Kc7 Ke7 45. a4 Bf3 46. a5 Be4 47. Bb4+ Ke6 48. Bd6 Bg2 49. Kd8 Bf3 50. Ke8 Bg2 51. Kf8 Bh1 52. Kg7 Be4 53. Kh6 Bd3 54. Kg5 Bc2 55. g4 hxg4 56. Kxg4 Bd1+ 57. Kf4 Bc2 58. Ke3 Bf5 59. Kd4 Bh3 60. Bb4 Bg2 61. Bc3 Bh1 62. Kc5 Bg2 63. Kb6 Bh1 64. Bb2 Bg2 65. Kc7 Bh1 66. Kd8 Bg2 67. Ke8 Bh1 68. Kf8 Bg2 69. Kg8 Bh1 70. Kh8 Bg2 71. Kh7 Be4 72. Kh6 Bf5 73. Kg5 Bc2 74. Bc3 Bd3 75. Kf4 Bc2 76. Ke3 Bb1 77. Kd4 Bf5 78. Kc4 Be4 79. Ba1 Bg2 80. Kb5 Bh1 81. Kb6 Bg2 82. Ka7 Bh1 83. a6 bxa6 84. Kxa6 Bg2 85. Kb6 Bf3 86. Kc7 Bh5 87. Kd8 Bg4 88. Ke8 Bh5 89. Kf8 Bg4 90. Kg7 Bh5 91. Bb2 Ke7 92. Bc3 Ke6 93. Kh6 Ke7 94. Kg7 Ke6 95. Bb2 Ke7 96. Ba3+ Ke6 97. Bd6 Be2 98. Kxg6 Bd3+ 99. Kg7 Be2 100. Kg6 Bd3+ 101. Kg7 Be2 102. Kh6 Kf7 103. Kg5 Bc4 104. h5 Kg7 105. Kf5 Kf7 106. h6 Bd3+ 107. Kg5 Ke6 108. Bc7 Bh7 109. Kf4 Bc2 110. Ke3 Bh7 111. Kd4 Bc2 112. Bd8 Bh7 113. Bf6 Bg6 114. Kc5 Bh7 115. Kc6 Bf5 116. Kc7 Be4 117. Kd8 Bg6 118. Bg7 Kf7 119. Kd7 Bf5+ 120. Kd6 Bg4 121. Bf6 Bf5 122. Bg5 Kg6 123. Bf4 Kf7 124. Be3 Bg4 125. Bd4 Bf5 126. e6+ Kg6 127. e7 Kf7 128. Bc5 Bh7 129. Ke5 Bg6 130. Kf4 Bh7 131. Kg5 Be4 132. Kf4 Bh7 133. Ke5 Bd3 134. Kd6 Bf5 135. Kc7 Ke8 136. Bb4 Bg6 137. Kd6 Kf7 138. Kd7 Bf5+ 139. Kd8 Bd7 140. Kxd7 Kg6 141. h7 Kxh7 142. e8=Q Kh6 143. Bf8+ 1-0


[Site "https://www.chess.com"]

[Event "Titled Tuesday Blitz July 11 Early 2023"]
[White "Papasimakopoulos, Alexandros"]
[Black "Jegorovas, Aleksandras"]
[WhiteFideId "4244125"]
[BlackFideId "12801950"]
[WhiteElo "2734"]
[BlackElo "2404"]
[Result "1-0"]
[Round "8"]
[TimeControl "180+2"]
[Date "2023.07.11"]
[WhiteClock "0:01:42"]
[BlackClock "0:01:26"]
[Board "36"]

1. d4 Nf6 2. c4 e6 3. Nc3 Bb4 4. Qc2 O-O 5. a3 Bxc3+ 6. Qxc3 b5 7. cxb5 c6 8. Bg5 cxb5 9. e3 a6 10. Nf3 Bb7 11. Be2 d6 12. O-O Nbd7 13. Qb4 Qb6 14. a4 Nd5 15. Qd2 b4 16. a5 Qa7 17. Rfe1 Rac8 18. e4 N5f6 19. Bd3 d5 20. e5 Ne4 21. Qf4 f6 22. exf6 Ndxf6 23. Bxf6 Rxf6 24. Qe5 Rcf8 25. Re3 Qa8 26. Rc1 Qd8 27. Rc7 R8f7 28. Rxf7 Kxf7 29. Bxe4 dxe4 30. Ng5+ Ke7 31. Nxe4 Bxe4 32. Rxe4 Qc8 33. Qc5+ Qxc5 34. dxc5 Rf5 35. Rc4 Kd7 36. g4 Rd5 37. Rxb4 Rxc5 38. Rb7+ Kd6 39. Rb6+ Rc6 40. Rb7 Rc7 41. Rb8 Rc5 42. b4 Rg5 43. h3 h5 44. Rb6+ Ke7 45. f3 hxg4 46. hxg4 Rd5 47. Rxa6 1-0


[Site "https://www.chess.com"]

[Event "Titled Tuesday Blitz July 11 Early 2023"]
[White "Kumsiashvili, Nikoloz"]
[Black "Lopez Idarraga, Daniel Eduardo"]
[WhiteFideId "13600621"]
[BlackFideId "4405501"]
[WhiteElo "2729"]
[BlackElo "2364"]
[Result "1-0"]
[Round "8"]
[TimeControl "180+2"]
[Date "2023.07.11"]
[WhiteClock "0:00:16"]
[BlackClock "0:00:00"]
[Board "37"]

1. Nf3 d5 2. b3 c5 3. Bb2 Nf6 4. e3 a6 5. d4 Bf5 6. Be2 e6 7. O-O h6 8. c4 Nc6 9. Nc3 dxc4 10. bxc4 cxd4 11. exd4 Bd6 12. d5 Ne5 13. Nd4 O-O 14. dxe6 fxe6 15. Nxf5 exf5 16. Nd5 Ne4 17. Nf4 Rf6 18. c5 Bc7 19. Qb3+ Kh7 20. Rad1 Qc8 21. Nd5 Rf8 22. f4 Nxc5 23. Qc3 Na4 24. Qxc7 Nxb2 25. fxe5 Nxd1 26. Rxd1 Qe6 27. Qd6 Rae8 28. Bh5 Qxe5 29. Qg6+ Kh8 30. h3 Rd8 31. Bf3 f4 32. Qb1 Rf7 33. Re1 Qf5 34. Qb3 Rfd7 35. Nb6 Rd3 36. Qe6 Qc5+ 37. Kh2 R3d6 38. Qe7 Qxb6 39. Be4 Rg8 40. Qf7 Re6 41. Qf5 g6 42. Qf7 Rge8 43. Bxg6 1-0


[Site "https://www.chess.com"]

[Event "Titled Tuesday Blitz July 11 Early 2023"]
[White "Molina, Roberto Junio Brito"]
[Black "Fiorito, Francisco"]
[WhiteFideId "2109450"]
[BlackFideId "180165"]
[WhiteElo "2838"]
[BlackElo "2551"]
[Result "1-0"]
[Round "8"]
[TimeControl "180+2"]
[Date "2023.07.11"]
[WhiteClock "0:01:12"]
[BlackClock "0:00:00"]
[Board "38"]

1. d4 Nf6 2. c4 b6 3. Nc3 Bb7 4. Nf3 e6 5. a3 Be7 6. Bg5 d6 7. e3 h6 8. Bh4 O-O 9. Bd3 Nbd7 10. O-O Re8 11. Rc1 a5 12. Re1 e5 13. Bb1 Nh5 14. Bxe7 Qxe7 15. Be4 Bxe4 16. Nxe4 Nhf6 17. Nc3 Nf8 18. e4 Ng6 19. Qd2 Nf4 20. g3 Ng6 21. Rcd1 Red8 22. Nd5 Nxd5 23. cxd5 Qf6 24. Kg2 Re8 25. dxe5 Nxe5 26. Nd4 g6 27. f4 Nd7 28. Nf3 a4 29. Re3 Re7 30. Rde1 Rae8 31. R1e2 Qg7 32. Qc2 f5 33. e5 dxe5 34. fxe5 Nxe5 35. Qc3 Nxf3 36. Qxg7+ Kxg7 37. Rxe7+ Rxe7 38. Rxe7+ Kf6 39. Re6+ 1-0


[Site "https://www.chess.com"]

[Event "Titled Tuesday Blitz July 11 Early 2023"]
[White "Shubenkova, Veronika"]
[Black "Goltsev, Dmitry"]
[WhiteFideId "44124040"]
[BlackFideId "24176710"]
[WhiteElo "2549"]
[BlackElo "2769"]
[Result "0-1"]
[Round "8"]
[TimeControl "180+2"]
[Date "2023.07.11"]
[WhiteClock "0:00:00"]
[BlackClock "0:00:05"]
[Board "39"]

1. e4 e6 2. d4 d5 3. exd5 exd5 4. Nf3 Nf6 5. c3 c5 6. Bd3 Nc6 7. O-O Be7 8. h3 O-O 9. Bg5 Qb6 10. dxc5 Qxb2 11. Nbd2 Qxc3 12. Nb3 Ne4 13. Bxe7 Nxe7 14. Rc1 Qf6 15. Qc2 Bf5 16. Nfd4 Nc6 17. Nxc6 bxc6 18. Bxe4 Bxe4 19. Qd2 Rab8 20. Rc3 Rfe8 21. Rg3 Bg6 22. Re1 Rxe1+ 23. Qxe1 Qb2 24. Qa5 h6 25. Re3 d4 26. Qxa7 Rf8 27. Re7 d3 28. Rd7 Re8 29. Qa5 Qc2 30. Rd8 Rxd8 31. Qxd8+ Kh7 32. Qa5 Qe2 33. Qd2 Qe4 34. Kf1 Qc4 35. Kg1 Bf5 36. Kf1 Be6 37. Kg1 Qc2 38. Qxc2 dxc2 39. Nc1 Bc4 40. f3 Kg6 41. Kf2 Kf5 42. Ke3 Ke5 43. Kd2 Kd4 44. Kxc2 Kxc5 45. Nd3+ Kd4 0-1


[Site "https://www.chess.com"]

[Event "Titled Tuesday Blitz July 11 Early 2023"]
[White "Shishkov, Andrei"]
[Black "Hilary46"]
[WhiteFideId "4500563"]
[WhiteElo "2547"]
[BlackElo "2757"]
[Result "1-0"]
[Round "8"]
[TimeControl "180+2"]
[Date "2023.07.11"]
[WhiteClock "0:00:10"]
[BlackClock "0:00:00"]
[Board "40"]

1. d4 d5 2. c4 c6 3. e3 Nf6 4. Nc3 e6 5. b3 Nbd7 6. Bb2 Bd6 7. Bd3 O-O 8. Nge2 e5 9. cxd5 cxd5 10. dxe5 Nxe5 11. O-O Nxd3 12. Qxd3 Bg4 13. h3 Bh5 14. f4 Bxe2 15. Nxe2 Re8 16. Rad1 Bc5 17. Rf3 Qb6 18. Bd4 Rad8 19. Kh2 h6 20. Rg3 Bxd4 21. Qxd4 Qxd4 22. Rxd4 Ne4 23. Rf3 Rc8 24. Rxd5 Rc2 25. Ng3 Nf6 26. Ra5 a6 27. Ra4 g6 28. e4 h5 29. e5 Nd5 30. Rd4 Ne7 31. f5 Rxa2 32. e6 gxf5 33. exf7+ Kxf7 34. Nxf5 Nxf5 35. Rxf5+ Kg6 36. Rc5 Re6 37. Rdd5 h4 38. Rg5+ Kf7 39. Rcf5+ Rf6 40. Rxf6+ Kxf6 41. Rg4 a5 42. Rxh4 Rb2 43. Ra4 b6 44. Ra3 Ke5 45. Kg3 Kd4 46. h4 Kc3 47. h5 Rb1 48. Kg4 Kb2 49. Ra4 Kxb3 50. Rf4 a4 51. Rf3+ Kb4 52. h6 Rd1 53. h7 Rd8 54. Kh5 a3 55. g4 a2 56. Rf1 Rf8 57. Ra1 Kb3 58. g5 Kb2 59. Rxa2+ Kxa2 60. g6 Rf1 61. g7 Rh1+ 62. Kg6 Rg1+ 63. Kf6 Rf1+ 64. Ke5 Re1+ 65. Kd4 1-0


[Site "https://www.chess.com"]

[Event "Titled Tuesday Blitz July 11 Early 2023"]
[White "Nasuta, Grzegorz"]
[Black "Yurovskykh, Oleksandr"]
[WhiteFideId "1141686"]
[BlackFideId "14134020"]
[WhiteElo "2754"]
[BlackElo "2544"]
[Result "1-0"]
[Round "8"]
[TimeControl "180+2"]
[Date "2023.07.11"]
[WhiteClock "0:00:04"]
[BlackClock "0:00:00"]
[Board "41"]

1. e4 e6 2. d4 d5 3. Nc3 dxe4 4. Nxe4 Bd7 5. Bd3 Bc6 6. Nf3 Nd7 7. O-O Ngf6 8. Nxf6+ Qxf6 9. Be2 Bd6 10. Bg5 Qg6 11. Bh4 O-O 12. c3 Rfe8 13. Re1 h6 14. Bg3 Bxg3 15. hxg3 Rad8 16. Qb3 Qf6 17. a4 a5 18. Nd2 Nb6 19. Bf3 Bd5 20. Bxd5 exd5 21. Qb5 Rxe1+ 22. Rxe1 Qc6 23. Qxc6 bxc6 24. b3 Kf8 25. Nf3 Nd7 26. Kf1 Rb8 27. Nd2 c5 28. Ke2 cxd4 29. cxd4 c5 30. Kd3 f6 31. Rc1 Rc8 32. Rc3 Ke7 33. Nf3 Kd6 34. Nh4 Ke6 35. Rc2 Rb8 36. Re2+ Kf7 37. Kc2 cxd4 38. Nf5 Nc5 39. Nxd4 Rc8 40. Kb2 Nd3+ 41. Ka3 Nb4 42. Kb2 h5 43. Rd2 Re8 44. Nf3 g5 45. Nd4 Rc8 46. Nc2 Nxc2 47. Rxc2 1-0


[Site "https://www.chess.com"]

[Event "Titled Tuesday Blitz July 11 Early 2023"]
[White "Hajiyev, Kanan"]
[Black "Nazari, Arad"]
[WhiteFideId "13404148"]
[BlackFideId "12577324"]
[WhiteElo "2541"]
[BlackElo "2728"]
[Result "1-0"]
[Round "8"]
[TimeControl "180+2"]
[Date "2023.07.11"]
[WhiteClock "0:00:04"]
[BlackClock "0:00:00"]
[Board "42"]

1. d4 Nf6 2. Nf3 g6 3. c4 Bg7 4. g3 O-O 5. Bg2 c6 6. O-O d5 7. cxd5 cxd5 8. Nc3 Ne4 9. Qb3 Nxc3 10. bxc3 Nc6 11. Ba3 Na5 12. Qb4 Re8 13. Nd2 b6 14. e4 Bb7 15. Rfe1 e6 16. Rac1 Rc8 17. e5 Bf8 18. Qb2 Ba6 19. Bb4 Bxb4 20. cxb4 Nc4 21. Nxc4 Bxc4 22. h4 h5 23. a4 a5 24. b5 Qe7 25. Rb1 Rc7 26. Rec1 Rec8 27. Qd2 Qa3 28. Ra1 Qd3 29. Qf4 Qf5 30. Qe3 Bd3 31. Rxc7 Rxc7 32. Rc1 Rxc1+ 33. Qxc1 Bc2 34. Qa3 Kg7 35. Bf1 Bd1 36. Qc3 Bxa4 37. Qc6 Bc2 38. Qxb6 a4 39. Qa5 Qe4 40. Qb4 Bd3 41. b6 Qe1 42. Qxe1 Bxf1 43. Kxf1 1-0


[Site "https://www.chess.com"]

[Event "Titled Tuesday Blitz July 11 Early 2023"]
[White "Goltseva, Ekaterina"]
[Black "Weetik, Vjacheslav"]
[WhiteFideId "24173770"]
[BlackFideId "4153472"]
[WhiteElo "2541"]
[BlackElo "2720"]
[Result "0-1"]
[Round "8"]
[TimeControl "180+2"]
[Date "2023.07.11"]
[WhiteClock "0:00:00"]
[BlackClock "0:00:14"]
[Board "43"]

1. d4 Nf6 2. Nf3 g6 3. c4 Bg7 4. Nc3 d6 5. e4 O-O 6. h3 c5 7. d5 e6 8. Be2 exd5 9. cxd5 b5 10. Bxb5 Nxe4 11. O-O Bxc3 12. Bd3 Nxf2 13. Rxf2 Bg7 14. Bg5 Qc7 15. Re2 c4 16. Rc1 Ba6 17. Re4 Qb6+ 18. Be3 Qxb2 19. Bxc4 Bxc4 20. Rexc4 Qxa2 21. Ra4 Qb2 22. Nd4 Nd7 23. Nc6 Rfe8 24. Rb4 Qa3 25. Rb3 Qa4 26. Bf2 a5 27. Qd3 Ne5 28. Qg3 h5 29. Rb7 Qe4 30. Rd1 a4 31. Qa3 Nc4 32. Qb4 a3 33. Re1 Qc2 34. Rxe8+ Rxe8 35. Ra7 a2 36. Qa4 Qxa4 37. Rxa4 a1=Q+ 38. Rxa1 Bxa1 0-1


[Site "https://www.chess.com"]

[Event "Titled Tuesday Blitz July 11 Early 2023"]
[White "Petrosian, Karlen"]
[Black "Shvedova, Alexandra"]
[WhiteFideId "4176146"]
[BlackFideId "54154782"]
[WhiteElo "2710"]
[BlackElo "2534"]
[Result "1/2-1/2"]
[Round "8"]
[TimeControl "180+2"]
[Date "2023.07.11"]
[WhiteClock "0:00:16"]
[BlackClock "0:00:23"]
[Board "44"]

1. e4 e5 2. Nc3 Nf6 3. Bc4 c6 4. d4 exd4 5. Qxd4 d6 6. Bf4 b5 7. Be2 Be7 8. O-O-O O-O 9. Bxd6 Qxd6 10. Qxd6 Bxd6 11. Rxd6 b4 12. e5 bxc3 13. exf6 cxb2+ 14. Kxb2 gxf6 15. Rxf6 Be6 16. Nf3 Nd7 17. Rh6 Rab8+ 18. Ka1 Rb4 19. Rb1 Rfb8 20. Rxb4 Rxb4 21. Rh4 Rb6 22. Bd3 Nf6 23. Ng5 Bd5 24. Nxh7 Nxh7 25. Bxh7+ Kg7 26. Be4 Be6 27. Bd3 c5 28. Ra4 Rb7 29. Ra5 c4 30. Be4 Rd7 31. Kb2 Rd2 32. f4 Rd4 33. Bf3 Rxf4 34. Rxa7 Kf6 35. a4 Ke5 36. Kc3 Rh4 37. a5 Rxh2 38. a6 Rh1 39. Ra8 Ra1 40. Kb2 Ra5 41. Bb7 Kd6 42. Kc3 Kc7 43. Rh8 Kb6 44. Rd8 Ra3+ 45. Kd2 Ra2 46. Rd4 Ka7 47. Kc3 Ra3+ 48. Kb4 Ra2 49. c3 Rb2+ 50. Kc5 Rb3 51. Bd5 Rxc3 52. Bxe6 fxe6 53. Rxc4 Rg3 54. Kb5 Rxg2 55. Rc7+ Ka8 56. Re7 Rb2+ 57. Kc6 Rc2+ 58. Kb6 Rb2+ 59. Kc6 Rc2+ 60. Kd6 Rd2+ 61. Kxe6 Re2+ 62. Kd7 Rxe7+ 63. Kxe7 Ka7 64. Ke6 Kxa6 1/2-1/2


[Site "https://www.chess.com"]

[Event "Titled Tuesday Blitz July 11 Early 2023"]
[White "Timerkhanov, Alexander"]
[Black "brm72"]
[WhiteFideId "24177938"]
[WhiteElo "2706"]
[BlackElo "2532"]
[Result "1/2-1/2"]
[Round "8"]
[TimeControl "180+2"]
[Date "2023.07.11"]
[WhiteClock "0:00:07"]
[BlackClock "0:00:21"]
[Board "45"]

1. d4 Nf6 2. Bg5 Ne4 3. Bf4 d5 4. Nd2 Bf5 5. e3 c5 6. Nxe4 Bxe4 7. Bxb8 Qa5+ 8. Qd2 Qxd2+ 9. Kxd2 Rxb8 10. dxc5 a5 11. c3 e5 12. Bb5+ Kd8 13. f3 Bg6 14. b4 b6 15. a4 axb4 16. cxb4 bxc5 17. bxc5 Bxc5 18. Rc1 Bb4+ 19. Ke2 Rc8 20. Nh3 Ke7 21. Rhd1 Kd6 22. Nf2 Ke6 23. e4 dxe4 24. fxe4 Rxc1 25. Rxc1 Rd8 26. Rc6+ Rd6 27. Rc4 Rd2+ 28. Ke3 Ba5 29. Nd3 Rxg2 30. Rc6+ Ke7 31. Nxe5 Rxh2 32. Ra6 Bd2+ 33. Kd3 Bh5 34. Nc6+ Kd6 35. Nd4+ Ke5 36. Ra8 Bc1 37. Re8+ Kd6 38. a5 Ra2 39. a6 Kc5 40. Bc4 Ra3+ 41. Nb3+ Kb6 42. Rb8+ Kc6 43. Kc2 Be3 44. Bd5+ Kd6 45. Bc4 Bf3 46. Re8 g6 47. Nd2 Bxd2 48. Kxd2 f6 49. Bb5 Kc5 50. Bd3 Kd4 51. Rd8+ Ke5 52. Rd7 f5 53. exf5 gxf5 54. a7 Be4 55. Bxe4 fxe4 56. Rxh7 Kf4 57. Rf7+ Ke5 58. Ke2 Kd4 59. Rd7+ Ke5 60. Re7+ Kf4 61. Rf7+ Ke5 62. Re7+ Kd4 63. a8=Q Rxa8 64. Rd7+ Ke5 65. Re7+ Kd5 66. Rd7+ Ke6 67. Rh7 Ra3 68. Rh5 Rd3 69. Rg5 Rf3 70. Rh5 Rf4 71. Ra5 Rf3 72. Rb5 Rd3 73. Ra5 Rd5 74. Rxd5 Kxd5 75. Ke3 Ke5 76. Ke2 Kd4 77. Kd2 e3+ 78. Ke2 Ke4 79. Ke1 Kd3 80. Kd1 Kc3 81. Ke2 Kd4 82. Ke1 Ke5 83. Ke2 Kf4 84. Ke1 Ke4 85. Ke2 Kf4 86. Ke1 Kg3 87. Ke2 Kf4 1/2-1/2


[Site "https://www.chess.com"]

[Event "Titled Tuesday Blitz July 11 Early 2023"]
[White "Akylbek2021"]
[Black "Amilal Munkhdalai"]
[BlackFideId "4903250"]
[WhiteElo "2523"]
[BlackElo "2694"]
[Result "0-1"]
[Round "8"]
[TimeControl "180+2"]
[Date "2023.07.11"]
[WhiteClock "0:00:41"]
[BlackClock "0:01:42"]
[Board "46"]

1. e4 c5 2. d4 cxd4 3. c3 dxc3 4. Nxc3 Nc6 5. Bc4 d6 6. Nf3 e6 7. O-O Be7 8. Qe2 a6 9. Rd1 Qc7 10. Bf4 Ne5 11. Bb3 Nf6 12. Rac1 Qb8 13. h3 O-O 14. Nd4 Bd7 15. Bh2 Nc6 16. f4 Nxd4 17. Rxd4 d5 18. Kh1 Qa7 19. Rd2 dxe4 20. Nxe4 Nxe4 21. Qxe4 Bc6 22. Qe2 Rad8 23. Rxd8 Rxd8 24. f5 Bg5 25. Rd1 Rxd1+ 26. Qxd1 Qf2 27. Qg1 Qxf5 28. Qa7 Qf1+ 0-1


[Site "https://www.chess.com"]

[Event "Titled Tuesday Blitz July 11 Early 2023"]
[White "Keleberda, Tymur"]
[Black "Shuvalova, Polina"]
[WhiteFideId "14174294"]
[BlackFideId "24171760"]
[WhiteElo "2515"]
[BlackElo "2686"]
[Result "1-0"]
[Round "8"]
[TimeControl "180+2"]
[Date "2023.07.11"]
[WhiteClock "0:00:24"]
[BlackClock "0:00:02"]
[Board "47"]

1. e4 c6 2. d4 d5 3. e5 Bf5 4. h4 h5 5. Bd3 Bxd3 6. Qxd3 Qa5+ 7. Nd2 e6 8. Nf3 Nh6 9. O-O Nf5 10. c4 Be7 11. g3 Qa6 12. b3 c5 13. Qc2 dxc4 14. d5 c3 15. Nb1 Nd4 16. Nxd4 cxd4 17. d6 Bd8 18. Rd1 Nc6 19. Qe4 O-O 20. Na3 b5 21. Nc2 Bb6 22. Qxc6 d3 23. Nb4 Qa5 24. Nxd3 Rac8 25. Qe4 c2 26. Re1 Qc3 27. Bb2 Qd2 28. Qe2 Qh6 29. Rec1 Qg6 30. Kg2 Rc6 31. Rxc2 Rxc2 32. Qxc2 Qe4+ 33. Kg1 g5 34. Ne1 Qg4 35. Qd3 gxh4 36. Qf3 Qg6 37. Kh2 Kh8 38. Rc1 hxg3+ 39. fxg3 Kh7 40. Ng2 Rg8 41. Nf4 Qf5 42. Qxh5+ Qxh5+ 43. Nxh5 Kg6 44. Nf6 Rh8+ 45. Kg2 Kf5 46. Rf1+ Kg6 47. Bc1 Rc8 48. g4 Rc2+ 49. Kf3 Rxa2 50. Rh1 Kg7 51. Rh7+ Kg6 52. Rh8 Rf2+ 53. Kg3 Rc2 54. Rg8# 1-0


[Site "https://www.chess.com"]

[Event "Titled Tuesday Blitz July 11 Early 2023"]
[White "Belov, Alexei"]
[Black "Tregubov, Pavel V."]
[WhiteFideId "4128206"]
[BlackFideId "4115341"]
[WhiteElo "2512"]
[BlackElo "2680"]
[Result "1-0"]
[Round "8"]
[TimeControl "180+2"]
[Date "2023.07.11"]
[WhiteClock "0:00:06"]
[BlackClock "0:00:00"]
[Board "48"]

1. e4 c5 2. Nf3 e6 3. d4 cxd4 4. Nxd4 Nf6 5. Nc3 Nc6 6. Ndb5 Bb4 7. a3 Bxc3+ 8. Nxc3 d5 9. exd5 exd5 10. Bd3 O-O 11. O-O d4 12. Ne2 Bg4 13. f3 Bh5 14. Nf4 Bg6 15. Nxg6 hxg6 16. f4 Ne7 17. Qf3 Re8 18. Bd2 Nf5 19. Qxb7 Rb8 20. Qxa7 Rxb2 21. Rae1 Rxe1 22. Rxe1 Ng4 23. Bc4 Kh7 24. Qxf7 Nd6 25. Qd5 Rxc2 26. Bd3 Rxd2 27. Qh5+ Kg8 28. Qxg6 Rxd3 29. Qxd3 Qh4 30. Qg3 Qxg3 31. hxg3 Ne3 32. a4 Ndc4 33. Kf2 Kf7 34. Ke2 Ke6 35. Rb1 Kd5 36. a5 Ke4 37. a6 d3+ 38. Kf2 Nd5 39. a7 Ndb6 40. Rb4 Kd4 41. Ke1 Kc3 42. Rb1 Kc2 43. Rd1 Ne3 44. Rd2+ Kc3 45. Ra2 Na8 46. Kf2 Nc2 47. Ra6 d2 48. Rc6+ Kd3 49. Rd6+ Nd4 50. Rxd4+ Kxd4 51. Ke2 Kc3 52. Kd1 Kd3 53. g4 Ke3 54. g3 Nb6 55. g5 1-0


[Site "https://www.chess.com"]

[Event "Titled Tuesday Blitz July 11 Early 2023"]
[White "Perez Candelario, Manuel"]
[Black "Mihailidis, Anastasios"]
[WhiteFideId "2210622"]
[BlackFideId "4205588"]
[WhiteElo "2659"]
[BlackElo "2505"]
[Result "1-0"]
[Round "8"]
[TimeControl "180+2"]
[Date "2023.07.11"]
[WhiteClock "0:00:36"]
[BlackClock "0:00:08"]
[Board "49"]

1. e4 c5 2. Nf3 d6 3. d4 cxd4 4. Nxd4 Nf6 5. Nc3 g6 6. Be3 Bg7 7. f3 O-O 8. Qd2 Nc6 9. O-O-O d5 10. Kb1 e5 11. Nxc6 bxc6 12. exd5 cxd5 13. Nxd5 Nxd5 14. Qxd5 Qc7 15. Qxa8 Bf5 16. Qd5 Bxc2+ 17. Ka1 Bxd1 18. Qxd1 Rb8 19. Be2 e4 20. Bc1 Qb6 21. Qb3 Qc7 22. Qc4 Qb6 23. Qc2 a5 24. Rd1 a4 25. a3 h5 26. fxe4 Qb7 27. Bc4 Kh7 28. Ka2 Qa7 29. Rf1 f6 30. Rd1 Rc8 31. Qe2 Qc5 32. Bd5 Rb8 33. Be3 Qe7 34. Bd4 f5 35. Bxg7 Kxg7 36. e5 Kh7 37. e6 Rd8 38. Bc4 Rc8 39. Rd7 Rc7 40. Rxe7+ Rxe7 1-0


[Site "https://www.chess.com"]

[Event "Titled Tuesday Blitz July 11 Early 2023"]
[White "Avazkhonov, Alikhon"]
[Black "Ambartsumova, Karina"]
[WhiteFideId "14208504"]
[BlackFideId "4166299"]
[WhiteElo "2464"]
[BlackElo "2586"]
[Result "0-1"]
[Round "8"]
[TimeControl "180+2"]
[Date "2023.07.11"]
[WhiteClock "0:00:00"]
[BlackClock "0:00:07"]
[Board "50"]

1. d4 d6 2. e4 g6 3. f3 Bg7 4. Be3 a6 5. Nc3 b5 6. Qd2 Bb7 7. O-O-O Nd7 8. Kb1 b4 9. Nce2 a5 10. Nc1 Ngf6 11. Bh6 O-O 12. h4 e5 13. g4 Qe7 14. h5 exd4 15. Nge2 c5 16. Ng3 Ne8 17. Bxg7 Nxg7 18. hxg6 fxg6 19. Bc4+ Ne6 20. Qh6 Rf7 21. Nf5 Qf6 22. Nxd6 Ndf8 23. g5 Qg7 24. Qxg6 hxg6 25. f4 Rd7 26. Nxb7 Rxb7 27. f5 Qe5 28. fxe6 Nxe6 29. Bd5 Rab8 30. Nd3 Qd6 31. Rdf1 Rh7 32. Rxh7 Kxh7 33. Rf7+ Kg8 34. Rf6 Re8 35. Nf4 Qe5 36. Nxe6 Qg3 37. Rxg6+ Kh7 38. Rh6+ Kg8 39. Nf4+ Kf8 40. Rf6+ Ke7 41. Rf7+ Kd8 42. b3 Qxg5 0-1


[Site "https://www.chess.com"]

[Event "Titled Tuesday Blitz July 11 Early 2023"]
[White "NovoselovRoman"]
[Black "JonSnowNW1"]
[WhiteElo "2583"]
[BlackElo "2454"]
[Result "0-1"]
[Round "8"]
[TimeControl "180+2"]
[Date "2023.07.11"]
[WhiteClock "0:00:16"]
[BlackClock "0:00:08"]
[Board "51"]

1. e4 c5 2. Nc3 d6 3. g3 g6 4. Bg2 Bg7 5. d3 Nc6 6. Be3 e6 7. Nf3 Rb8 8. a4 a6 9. d4 cxd4 10. Nxd4 Nge7 11. Qd2 Ne5 12. Qe2 Qc7 13. Rd1 Nc4 14. Ncb5 axb5 15. Nxb5 Qa5+ 16. b4 Qxb4+ 17. c3 Bxc3+ 18. Kf1 Bd7 19. Nxc3 Nxe3+ 20. Qxe3 Rc8 21. Nb5 Bxb5+ 22. axb5 Qxb5+ 23. Kg1 O-O 24. h4 Rc2 25. Rxd6 Ra8 26. Bf1 Qc5 27. Qxc5 Rxc5 28. Rd7 Nc6 29. Rxb7 Ne5 30. Rb2 Ra1 31. h5 Rcc1 32. h6 f6 33. Kg2 Ng4 34. Rh4 f5 35. Be2 Rg1+ 36. Kf3 Ne5+ 37. Kf4 g5+ 38. Kxe5 gxh4 39. Kf6 Ra8 40. e5 h3 41. Rb7 h2 42. Rg7+ Kh8 43. Bf3 h1=Q 44. Bxh1 Rxh1 45. Kxe6 Rxh6+ 46. Kf7 Ra7+ 47. Kf8 Rxg7 48. f4 Ra6 49. e6 Ra8# 0-1


[Site "https://www.chess.com"]

[Event "Titled Tuesday Blitz July 11 Early 2023"]
[White "KorolDimitriy75"]
[Black "Siniauski, Artsiom"]
[BlackFideId "13512269"]
[WhiteElo "2452"]
[BlackElo "2568"]
[Result "0-1"]
[Round "8"]
[TimeControl "180+2"]
[Date "2023.07.11"]
[WhiteClock "0:00:00"]
[BlackClock "0:00:18"]
[Board "52"]

1. d4 Nf6 2. c4 d6 3. Nc3 e5 4. Nf3 Nc6 5. d5 Ne7 6. e4 g6 7. Be2 Bg7 8. O-O O-O 9. Kh1 h5 10. a4 a5 11. Ne1 Nh7 12. Nd3 f5 13. f3 b6 14. Bd2 f4 15. b4 axb4 16. Nb5 g5 17. Bxb4 Ng6 18. a5 Ra6 19. axb6 Rxb6 20. Nf2 g4 21. fxg4 hxg4 22. Bxg4 Nf6 23. Bxc8 Qxc8 24. Ra7 Rb7 25. Qa4 Nh4 26. Rxb7 Qxb7 27. Qa7 Qxa7 28. Nxa7 Ra8 29. Nb5 Ne8 30. Nd3 Ra2 31. c5 Bf8 32. cxd6 cxd6 33. Rg1 Kf7 34. h3 Re2 35. Be1 Ng6 36. Nf2 Be7 37. Na7 Bh4 0-1


[Site "https://www.chess.com"]

[Event "Titled Tuesday Blitz July 11 Early 2023"]
[White "robertoalejandro10"]
[Black "Rosh Jain"]
[BlackFideId "25789465"]
[WhiteElo "2563"]
[BlackElo "2415"]
[Result "0-1"]
[Round "8"]
[TimeControl "180+2"]
[Date "2023.07.11"]
[WhiteClock "0:00:10"]
[BlackClock "0:01:46"]
[Board "53"]

1. Nf3 d5 2. c4 e6 3. b3 Nf6 4. Bb2 Be7 5. g3 O-O 6. Bg2 c5 7. e3 Nc6 8. O-O b6 9. Qe2 Bb7 10. Rd1 Bd6 11. cxd5 exd5 12. d4 Nb4 13. Nc3 Ba6 14. Nb5 Qd7 15. a4 Ne4 16. dxc5 bxc5 17. Ne5 Bxe5 18. Bxe5 Qc6 19. Rac1 Qe6 20. Bb2 Rac8 21. h3 c4 22. Bxe4 Qxe4 23. Nd6 Qe6 24. Nxc8 c3 25. Qg4 cxb2 26. Rb1 Rxc8 27. Qxb4 Rc2 28. Qb8+ Bc8 29. Rxd5 Qxd5 30. Rxb2 Rc1+ 0-1


[Site "https://www.chess.com"]